Map: Eflorescencia EE

Players

TargusFrost

  • Race: Terran Terran
  • League: Bronze
  • Spawn Location: 12:00

Foppa

  • Race: Protoss Protoss
  • Spawn Location: 3:00

MrFercho

  • Race: Zerg Zerg
  • League: Silver
  • Spawn Location: 9:00

TATORREA

  • Race: Protoss Protoss
  • League: Gold
  • Spawn Location: 6:00

VOD

Have the link to the VOD?

Description

Time

  • Played on: July 17, 2020, 9:45 p.m.
  • Length: 12:17
Show
View Real Time Build Order
Export as new Build Order

TargusFrost Terran 

Build Orders: 2 Factory, Mech 

Get SALT Encoding   

  12  0:01  SCV  
  13  0:13  SCV  
  14  0:19  Supply Depot  
  14  0:28  Supply Depot  
  14  0:38  Supply Depot  
  14  0:50  Barracks  
  14  0:55  SCV  
  15  1:04  Refinery  
  15  1:07  SCV  
  16  1:16  Refinery  
  16  1:19  SCV  
  17  1:31  SCV  
  18  1:45  Orbital Command  
  18  1:46  Marine  
  19  2:03  Factory  
  19  2:04  Marine  
  20  2:19  Factory  
  20  2:23  Marine  
  20  2:28  SCV  
  22  2:45  Factory  
  22  2:51  Factory Tech Lab  
  22  3:04  Factory Tech Lab  
  22  3:19  Command Center  
  22  3:23  Siege Tank  
  25  3:29  Factory Tech Lab  
  25  3:32  Barracks Tech Lab  
  25  3:38  SCV  
  26  3:50  SCV  
  27  3:56  Marauder  
  29  4:03  SCV  
  30  4:15  SCV  
  30  4:16  Siege Tank  
  34  4:17  Siege Tank  
  37  4:31  Siege Tank  
  40  4:36  Supply Depot  
  40  4:40  SCV  
  40  4:43  Supply Depot  
  41  4:48  Engineering Bay  
  41  4:50  SCV  
  42  4:55  SCV  
  42  4:57  Siege Tank  
  46  5:15  Refinery  
  46  5:16  SCV  
  46  5:17  Refinery  
  46  5:19  Marine  
  48  5:28  SCV  
  49  5:36  Missile Turret  
  49  5:37  Marine, Missile Turret  
  49  5:40  SCV  
  51  5:43  Missile Turret  
  51  5:52  SCV  
  55  5:57  Siege Tank  
  55  6:28  Marine  
  55  6:32  Siege Tank x3  
  65  6:46  Marine  
  66  7:04  Marine  
  67  7:22  Marine  
  52  7:31  Siege Tank x3  
  58  7:40  Marine  
  58  7:57  Marine  
  59  8:03  Siege Tank x3  
  65  8:15  Marine  
  66  8:33  Marine  
  67  8:49  Siege Tank  
  70  8:57  Supply Depot  
  70  8:59  Supply Depot  
  70  9:01  Supply Depot  
  70  9:14  Supply Depot  
  70  9:19  Siege Tank x2, SCV  
  70  9:21  Siege Tank  
  80  9:31  SCV  
  78  9:51  Siege Tank x2  
  84  9:53  Siege Tank  
  81  10:10  Marine  
  79  10:23  Siege Tank x2  
  79  10:25  Siege Tank  
  79  10:28  Marine  
  85  10:46  Marine  
  86  10:55  Siege Tank x2  
  92  11:04  Marine  
  82  11:22  Marine  
  82  11:23  Siege Tank  
  80  11:27  Siege Tank x2  
  80  11:39  Marine  
  78  11:57  Marine  
  85  12:10  Barracks  
  85  12:12  Barracks  
Show
View Real Time Build Order
Export as new Build Order

Foppa Protoss 

Build Orders: Chargelot Immortal 

Get SALT Encoding   

  1  0:00  Probe  
  12  0:05  Probe  
  14  0:18  Pylon  
  14  0:23  Probe  
  15  0:36  Gateway  
  15  0:38  Probe  
  16  0:50  Assimilator, Probe  
  17  1:00  Probe  
  17  1:01  Pylon  
  18  1:08  Probe  
  19  1:19  Probe  
  20  1:27  Cybernetics Core  
  20  1:29  Assimilator  
  20  1:31  Probe  
  21  1:43  Probe  
  22  1:55  Probe  
  22  1:58  Forge  
  23  2:07  Warp Gate  
  23  2:09  Probe  
  23  2:11  Robotics Facility  
  24  2:21  Stalker, Probe  
  27  2:42  Gateway  
  27  3:02  Observer  
  28  3:10  Nexus  
  28  3:18  Gateway  
  28  3:20  Pylon  
  28  3:29  Immortal  
  32  3:45  Pylon  
  32  4:03  Assimilator, Pylon  
  32  4:07  Assimilator  
  32  4:10  Stalker  
  32  4:14  Stalker  
  36  4:24  Stalker  
  38  4:33  Photon Cannon  
  38  4:35  Probe x2  
  39  4:43  Probe  
  41  4:53  Probe  
  41  4:58  Twilight Council  
  42  5:07  Pylon  
  42  5:15  Probe  
  43  5:24  Charge  
  43  5:27  Protoss Ground Weapons Level 1  
  43  5:28  Probe  
  44  5:32  Gateway  
  44  5:40  Probe  
  45  5:42  Zealot  
  47  5:52  Probe  
  47  5:55  Zealot x2  
  53  6:04  Probe  
  43  6:27  Stalker  
  43  6:28  Stalker x3  
  43  6:30  Immortal  
  52  7:09  Observer  
  52  7:15  Stalker x3  
  55  7:16  Stalker  
  55  7:18  Pylon  
  59  7:24  Immortal, Pylon  
  51  7:42  Photon Cannon  
  51  7:44  Zealot x4  
  59  8:00  Observer  
  60  8:12  Zealot x2  
  64  8:13  Zealot x2  
  68  8:21  Observer  
  51  8:42  Observer  
  51  8:47  Stalker x4  
  54  9:08  Immortal  
  58  9:14  Zealot x4  
  66  9:35  Zealot x2  
  66  9:36  Zealot x2  
  60  10:19  Stalker x2  
  60  10:20  Stalker x2  
  50  10:31  Immortal  
  54  10:44  Pylon  
  54  10:48  Gateway  
  54  10:50  Gateway  
  54  11:12  Stalker x4  
  62  11:35  Stalker x2  
  62  11:36  Stalker x2  
  64  11:59  Stalker  
  64  12:00  Stalker x4  
Show
View Real Time Build Order
Export as new Build Order

MrFercho Zerg 

Build Orders: Hatch First 

Get SALT Encoding   

  12  0:02  Drone  
  13  0:13  Overlord  
  13  0:18  Drone  
  14  0:33  Drone x2  
  14  0:35  Drone  
  17  0:56  Hatchery  
  17  0:57  Drone  
  17  1:00  Drone  
  18  1:10  Extractor  
  17  1:18  Spawning Pool  
  17  1:19  Drone  
  17  1:22  Drone  
  18  1:29  Drone  
  19  1:39  Overlord  
  19  1:58  Drone  
  20  2:12  Queen x2  
  20  2:13  Drone x2  
  20  2:14  Drone  
  27  2:16  Metabolic Boost  
  27  2:26  Drone x2  
  29  2:35  Drone x2  
  31  2:40  Drone  
  32  2:46  Baneling Nest, Drone  
  32  3:06  Drone x4  
  32  3:09  Lair  
  36  3:14  Overlord  
  36  3:37  Zergling x6  
  36  3:39  Zergling x2  
  36  3:41  Zergling x4  
  42  3:42  Zergling x2  
  42  3:44  Drone  
  42  3:45  Overlord  
  44  3:59  Spore Crawler  
  43  4:04  Spore Crawler  
  43  4:08  Drone x3  
  43  4:09  Drone x3  
  49  4:10  Drone x3  
  49  4:11  Hatchery  
  49  4:12  Extractor  
  49  4:15  Extractor  
  48  4:21  Extractor, Drone x2  
  48  4:23  Centrifical Hooks  
  49  4:32  Drone x2  
  51  4:43  Hatchery  
  50  4:58  Drone x2  
  52  5:01  Overlord x2  
  52  5:02  Overlord  
  52  5:03  Overlord  
  52  5:26  Drone x4, Infestation Pit  
  52  5:27  Evolution Chamber x2, Drone x2  
  55  5:31  Drone x5  
  55  5:33  Queen  
  55  5:35  Drone x2  
  64  5:54  Baneling x4  
  64  5:55  Baneling x3  
  64  5:56  Zergling x14  
  69  6:23  Zergling x16  
  72  6:33  Zergling x8  
  72  6:36  Baneling x6  
  72  6:37  Baneling x4  
  76  6:41  Zergling x2  
  76  6:42  Zergling x6  
  80  6:50  Zerg Melee Weapons Level 1, Hydralisk Den, Zerg Ground Armor Level 1  
  79  6:55  Hive  
  79  7:10  Zergling x18  
  79  7:11  Zergling x2  
  77  7:24  Zergling x2  
  77  7:25  Zergling x10  
  72  7:34  Zergling x8  
  66  8:14  Zergling x20  
  66  8:19  Baneling x6  
  76  8:20  Baneling x3, Zergling x2  
  76  8:21  Zergling x2  
  56  8:48  Zergling x2  
  56  8:49  Zergling x22  
  68  8:56  Zerg Ground Armor Level 2, Zerg Melee Weapons Level 2  
  68  9:01  Grooved Spines  
  68  9:08  Spire  
  65  9:15  Baneling x13  
  61  9:42  Zergling x22  
  61  9:43  Zergling x20  
  76  9:49  Spore Crawler  
  73  9:52  Spine Crawler  
  73  9:54  Spine Crawler  
  73  9:56  Zergling x8  
  64  10:13  Muscular Augments  
  47  10:21  Zergling x14  
  47  10:22  Zergling x4  
  54  10:33  Hatchery  
  53  10:36  Corruptor x3, Mutalisk x2  
  53  10:37  Corruptor x3, Mutalisk x2  
  53  10:38  Mutalisk  
  73  10:47  Baneling x6  
  69  10:54  Queen  
  49  11:28  Zergling x20  
Show
View Real Time Build Order
Export as new Build Order

TATORREA Protoss 

Build Orders:  

Get SALT Encoding   

  12  0:01  Probe  
  13  0:13  Probe  
  14  0:23  Pylon  
  14  0:29  Probe  
  15  0:41  Probe  
  16  0:48  Gateway  
  16  0:52  Assimilator  
  16  0:56  Probe  
  17  0:58  Pylon  
  17  1:08  Probe  
  17  1:20  Probe  
  18  1:32  Gateway  
  18  1:33  Probe  
  19  1:44  Cybernetics Core  
  19  1:45  Probe  
  20  1:51  Assimilator  
  20  2:00  Probe  
  21  2:18  Nexus  
  21  2:19  Pylon  
  21  2:20  Probe  
  22  2:27  Warp Gate  
  22  2:38  Probe  
  22  2:40  Robotics Facility  
  23  2:53  Probe  
  24  3:01  Stalker x2  
  24  3:05  Probe  
  29  3:09  Pylon  
  29  3:17  Probe  
  30  3:25  Twilight Council  
  30  3:29  Probe  
  30  3:30  Observer  
  32  3:35  Probe  
  33  3:44  Probe  
  34  3:48  Probe  
  34  3:51  Sentry  
  34  3:52  Stalker  
  39  3:56  Probe  
  40  4:11  Dark Shrine  
  40  4:12  Probe  
  40  4:13  Probe  
  42  4:25  Assimilator, Probe  
  42  4:26  Probe  
  42  4:29  Immortal  
  42  4:30  Assimilator  
  48  4:37  Probe, Zealot  
  48  4:38  Probe  
  52  4:46  Charge  
  52  4:49  Probe  
  52  4:50  Probe  
  54  4:59  Probe  
  54  5:00  Probe  
  56  5:07  Pylon, Probe  
  56  5:08  Probe  
  56  5:12  Immortal  
  56  5:13  Pylon  
  62  5:23  Probe  
  62  5:24  Probe  
  64  5:29  Pylon  
  64  5:32  Pylon  
  64  5:36  Probe x2  
  66  5:45  Templar Archives  
  66  5:51  Warp Prism  
  62  6:11  Stalker  
  62  6:12  Stalker  
  66  6:20  Probe x2  
  64  6:43  Stalker x2  
  68  7:00  Gateway  
  64  7:01  Gateway  
  64  7:04  Gateway  
  64  7:07  Gateway  
  64  7:08  Forge  
  64  7:11  Forge  
  64  7:13  Forge  
  64  7:17  Protoss Ground Armor Level 1  
  64  7:24  Protoss Ground Weapons Level 1  
  64  7:29  Blink  
  52  7:38  Protoss Shields Level 1  
  52  7:40  Stalker x2  
  56  7:54  Immortal  
  56  7:57  Stalker  
  62  8:09  Dark Templar  
  62  8:10  Dark Templar x3  
  62  8:11  Dark Templar  
  70  8:34  Observer  
  59  8:39  Stalker  
  61  8:47  Stalker x5  
  64  9:05  Stalker  
  66  9:16  Stalker x2  
  66  9:17  Stalker x3  
  72  9:37  Stalker  
  54  9:42  Stalker x3  
  54  9:43  Stalker x2  
  49  10:05  Zealot  
  49  10:06  Zealot x4  
  49  10:07  Zealot  
  61  10:24  Immortal  
  65  10:28  Stalker  
  65  10:29  Stalker x3  
  65  10:30  Stalker x2  
  53  10:52  Zealot  
  53  10:53  Zealot x4  
  53  10:54  Zealot  
  65  11:03  Warp Prism  
  55  11:13  Zealot  
  55  11:14  Zealot x4  
  55  11:15  Zealot  
  51  11:37  Zealot x4  
  51  11:38  Zealot  
  51  11:39  Observer, Zealot  
  64  11:46  Gateway  
  64  11:51  Gateway x2  
  64  11:53  Gateway  
  64  11:54  Gateway  
  62  12:12  Zealot x4  
  62  12:13  Zealot  
Tags
 
Add a new tag
Caveats
  • Supply blocks, unpowered buildings, or Contaminate may cause inaccurate times.
  • Supply counts are checked every 10 seconds.